 Dungeon Crawl Stone Soup version 0.19-a0-1903-gead39cf (webtiles) character file.

196 LORDOFBUTT the Covert (level 5, 0/26 HPs)
             Began as a Spriggan Assassin on Oct 20, 2016.
             Killed from afar by Natasha (8 damage)
             ... with a magic dart
             ... on level 3 of the Dungeon.
             The game lasted 00:04:39 (2898 turns).

LORDOFBUTT the Covert (Spriggan Assassin)           Turns: 2898, Time: 00:04:39

Health: 0/26       AC:  3    Str:  7    XL:     5   Next: 46%
Magic:  6/6        EV: 19    Int: 13    God:
Gold:   150        SH:  0    Dex: 18    Spells: 0 memorised, 4 levels left

rFire  . . .     SeeInvis +     a - +2 dagger
rCold  . . .     Gourm    .     c - +0 robe
rNeg   . . .     Faith    .     (shield restricted)
rPois  .         Spirit   .     (helmet restricted)
rElec  .         Reflect  .     d - +0 cloak
rCorr  .         Harm     .     (gloves unavailable)
MR     .....                    (boots unavailable)
Stlth  ++++......               (no amulet)
                                (no ring)
                                (no ring)

@: very quick
A: unfitting armour, see invisible, herbivore 3, speed 3, slow metabolism 2
a: no special abilities


You were on level 3 of the Dungeon.
You were not hungry.

You visited 1 branch of the dungeon, and saw 3 of its levels.

You collected 150 gold pieces.

Inventory:

Hand Weapons
 a - a +2 dagger (weapon)
 b - a +0 blowgun
Missiles
 e - 23 poisoned needles
 f - 2 curare-tipped needles
Armour
 c - a +0 robe (worn)
 d - a +0 cloak (worn)
Jewellery
 h - a cursed -2 ring of protection {unknown}
 j - a cursed ring of teleportation {unknown}
Scrolls
 l - 4 scrolls of amnesia {unknown}
 m - 2 scrolls of identify {unknown}
 n - a scroll of enchant weapon {unknown}
 o - a scroll of immolation {unknown}
 r - a scroll of teleportation {unknown}
Potions
 i - a potion of mutation {unknown}
 k - 2 potions of might {unknown}
 p - a potion of curing {unknown}
 q - a potion of haste
Comestibles
 g - 3 bread rations


   Skills:
 + Level 1.7 Fighting
 * Level 3.9 Short Blades
 + Level 2.1 Throwing
 * Level 3.6 Dodging
 * Level 8.1 Stealth


You had 4 spell levels left.
You didn't know any spells.

Dungeon Overview and Level Annotations

Branches:
Dungeon (3/15)

Altars:

Annotations:
D:3 Natasha


Innate Abilities, Weirdness & Mutations

You are very small and have problems with some larger weapons.
You are too small for most types of armour.
You have supernaturally acute eyesight. (SInv)
You are a herbivore.
You cover ground extremely quickly.
You need consume almost no food.


Message History

Aim: Natasha (lightly wounded, poisoned)
You shoot a poisoned needle. The poisoned needle hits Natasha.
Natasha looks even sicker.
Natasha is lightly wounded.
Wield which item (- for none, * to show all)? (? for menu, Esc to quit)
a - a +2 dagger (weapon)
Natasha claws you.
You hit Natasha.
Natasha is heavily wounded.
Natasha mumbles some strange words.
You feel disoriented. Natasha misses you.
You hit Natasha but do no damage.
Natasha is severely wounded.
Natasha misses you.
You hit Natasha.
Natasha is almost dead.
Natasha casts a spell at you. The magic dart hits you!
You die...

..........# ..
..........##.#. .#
..........##.#. .#
.###'#######.#.##.#
### .# #.# #.#..#(#
... .###.# #.##.#(#
... #...# #.##.#(# ###
.#.#########.##.#h#
.#...).†........@.#
.#..########.##.#.#
.#.........#.##...#
.##.######.#.###..#..
.##.# #.#...g.>...
.##.# #.###########
### .##.#
#...........# #.######
....################.#
#.#.......
...................#.#
#.#.######


You could see Natasha.

Vanquished Creatures
  Ijyb (D:3)
  Natasha (twice) (D:3)
  4 gnolls (D:3)
  2 adders
  An ooze (D:1)
  A worm (D:3)
  A dart slug (D:2)
  7 giant cockroaches
  5 goblins
  4 hobgoblins
  8 jackals (D:2)
  7 kobolds
  7 bats
  2 frilled lizards
  5 rats
57 creatures vanquished.

Notes
Turn   | Place    | Note
-------+----------+-------------------------------------------
     0 | D:1      | LORDOFBUTT the Spriggan Assassin began the quest for the Orb.
     0 | D:1      | Reached XP level 1. HP: 10/10 MP: 2/2
    48 | D:1      | Reached skill level 6 in Stealth
   269 | D:1      | Reached XP level 2. HP: 14/14 MP: 3/3
   734 | D:2      | Reached skill level 7 in Stealth
   938 | D:1      | Reached XP level 3. HP: 18/18 MP: 4/4
  1546 | D:3      | Noticed Natasha
  1550 | D:3      | Killed Natasha
  1550 | D:3      | Reached XP level 4. HP: 22/22 MP: 5/5
  1807 | D:3      | Noticed Natasha
  1839 | D:3      | Noticed Ijyb
  2132 | D:3      | Killed Ijyb
  2224 | D:3      | Killed Natasha
  2224 | D:3      | Reached XP level 5. HP: 26/26 MP: 6/6
  2244 | D:3      | Reached skill level 8 in Stealth
  2888 | D:3      | Noticed Natasha
  2898 | D:3      | Killed from afar by Natasha

Vault maps used:
D:1:      dpeg_arrival_signposts
D:2:      first_bread
D:3:      uniq_natasha, uniq_iyjb, uniq_sigmund

Skill      XL: |  1  2  3  4  5 |
---------------+----------------+-----
Stealth        | 6 7 8 |  8.1
Dodging        | 2 3 |  3.6
Short Blades   | 3 |  3.9
Fighting       | |  1.7
Throwing       | |  2.1

Action                   |  1- 3 |  4- 6 || total
-------------------------+-------+-------++-------
Melee: Dagger            |   120 |    57 ||   177
 Fire: Blowgun           |       |    21 ||    21
  Use: Potion            |     2 |       ||     2
 Stab: Sleeping          |    13 |     7 ||    20
Armor: Robe              |    19 |     3 ||    22
Dodge: Dodged            |    96 |    34 ||   130
